 Dungeon Crawl Stone Soup version 0.26-a0-778-g3fe0686644 (webtiles) character file.

Game seed: 732816647560007316

4922 lunkers the Geomancer (level 10, -8/73 HPs)
             Began as a Demonspawn Earth Elementalist on Nov 9, 2020.
             Was a Follower of Vehumet.
             Mangled by Snorg (14 damage)
             ... on level 10 of the Dungeon on Nov 10, 2020.
             The game lasted 00:21:19 (13136 turns).

lunkers the Geomancer (DsEE)                       Turns: 13136, Time: 00:21:20

Health: -8/73      AC: 18    Str:  9    XL:     10   Next: 27%
Magic:  8/21       EV: 12    Int: 20    God:    Vehumet [*.....]
Gold:   1162       SH:  5    Dex: 16    Spells: 12/23 levels left

rFire    . . .     SeeInvis .   i - staff of earth
rCold    + . .     Faith    .   n - +0 buckler
rNeg     + . .     Spirit   .   c - +0 robe
rPois    .         Reflect  .   (helmet restricted)
rElec    .         Harm     .   m - +0 cloak
rCorr    .         Rampage  .   A - +2 pair of gloves
MR       .....                  B - +2 pair of boots of Pantheism {rC+ Dex-3 Slay+2}
Stlth    ++........             z - amulet of regeneration
HPRegen  0.62/turn              o - +6 ring of dexterity
MPRegen  0.17/turn              C - ring of positive energy

@: about to teleport, sanguine armour, very slightly contaminated
A: horns 1, spiny 1, sanguine armour 2
a: Renounce Religion


You were on level 10 of the Dungeon.
You worshipped Vehumet.
Vehumet was aware of your devotion.
You visited 1 branch of the dungeon, and saw 10 of its levels.
You also visited: Sewer.

You collected 1162 gold pieces.

Inventory:

Hand Weapons
 b - a +3 dagger of venom
Missiles
 s - 163 stones (quivered)
Armour
 c - a +0 robe (worn)
 h - a +0 pair of boots
 m - a +0 cloak (worn)
 n - a +0 buckler (worn)
 A - a +2 pair of gloves (worn)
 B - the +2 pair of boots of Pantheism (worn) {rC+ Dex-3 Slay+2}
   (You found it on level 9 of the Dungeon)

   It affects your dexterity (-3).
   It affects your accuracy and damage with ranged weapons and melee attacks
   (+2).
   It protects you from cold.
 G - the +0 ring mail of Kirysy {+Blink rF+++ Int-5 Dex-3}
   (You found it on level 6 of the Dungeon)

   It affects your intelligence (-5).
   It affects your dexterity (-3).
   It renders you almost immune to fire.
   It lets you blink.
Magical Staves
 a - an uncursed staff of poison
 i - an uncursed staff of earth (weapon)
Jewellery
 o - a +6 ring of dexterity (left hand)
 z - an amulet of regeneration (around neck)
 C - a ring of positive energy (right hand)
 E - an uncursed ring of flight
Wands
 j - a wand of acid (25)
 r - a wand of disintegration (1)
 K - a wand of flame (14)
 L - a wand of digging (1)
Scrolls
 g - 6 scrolls of teleportation
 p - 2 scrolls of blinking
 u - a scroll of identify
 v - 2 scrolls of immolation
 y - a scroll of magic mapping
Potions
 d - 5 potions of curing
 e - a potion of invisibility {unknown}
 f - 5 potions of brilliance
 k - 5 potions of heal wounds
 l - 2 potions of magic
 q - a potion of attraction {unknown}
 t - 2 potions of flight
 w - 2 potions of lignification {unknown}
 x - 2 potions of degeneration {unknown}
 D - a potion of mutation {unknown}
 F - a potion of ambrosia {unknown}
 H - a potion of might {unknown}


   Skills:
 + Level 4.3 Fighting
 - Level 1.7 Dodging
 - Level 1.7 Stealth
 - Level 4.0 Shields
 + Level 7.4 Spellcasting
 - Level 0.8 Transmutations
 * Level 10.6 Earth Magic


You had 12 spell levels left.
You knew the following spells:

 Your Spells              Type           Power        Failure   Level
a - Stone Arrow           Conj/Erth      #####.       3%          3
b - Passwall              Tmut/Erth      #####...     1%          2
c - Sandblast             Erth           ######       1%          1
d - Lee's Rapid Deconstr  Erth           ######....   3%          5

Your spell library contained the following spells:

 Spells                   Type           Power        Failure   Level
 Freeze                   Ice            #...         9%          1
 Petrify                  Tmut/Erth      #####...     9%          4


Dungeon Overview and Level Annotations

Branches:
Dungeon (10/15)            Temple (0/1) D:5            Lair (0/6) D:9
  Sewer (visited)
    Orc: D:9-12

Altars:
Ashenzari
Cheibriados
Gozag
Hepliaklqana
Makhleb
Okawaru
Ru
Vehumet
Xom
Yredelemnul
Zin

Shops:
D:4 (   D:7 :   D:9 *

Annotations:
D:10 Snorg


Innate Abilities, Weirdness & Mutations

You have a pair of small horns on your head.
You are partially covered in sharp spines.
When seriously injured, your bleeding wounds create thick armour. (AC +9)


Message History

Casting: Stone Arrow (dangerous; 3% risk of failure)
Confirm with . or Enter, or press ? or * to list all spells.
Aiming: Stone Arrow (dangerous; 3% risk of failure)
Press: ? - help, Shift-Dir - straight line, f/p - Snorg
Aim: Snorg (moderately wounded, berserk)
You feel a surge of power!
You miscast Stone Arrow.
You are very lightly contaminated with residual magic.
Nothing appears to happen.
Snorg barely misses you. Snorg claws you!
* * * LOW HITPOINT WARNING * * *
Snorg claws you!
* * * LOW HITPOINT WARNING * * *
Unknown command.
Unknown command.
As you read the scroll of teleportation, it crumbles to dust.
You feel strangely unstable. Snorg is struck by your spines. Snorg bites you!
* * * LOW HITPOINT WARNING * * *
Snorg claws you.
* * * LOW HITPOINT WARNING * * *
Snorg claws you!
You die...

................#
#################
#################
................##
.................#
################.#


.PPPPPPP#)# ....$...#@# .?......#T# ........#†# ........'.# ....†...'.#
.P..PP..### .....T..# ....!...# P...PP.P# You could see Snorg (berserk).

Vanquished Creatures
  An unseen horror (D:9)
  A queen bee (D:10)
  Grum (D:8)
  Edmund (D:5)
  An ice beast (D:9)
  2 orc warriors
  An ogre (D:9)
  4 phantoms
  3 wolves (D:8)
  3 centaurs
  6 big kobolds
  3 bullfrogs
  2 water moccasin skeletons
  3 scorpions
  11 killer bees
  4 wights
  An electric eel (D:6)
  A bullfrog zombie (D:4)
  4 orc priests
  2 hounds
  2 jellies (D:5)
  2 centaur skeletons
  3 iguanas
  2 orc wizards (D:7)
  8 worker ants
  A worker ant zombie (D:9)
  12 gnolls
  20 adders
  3 shadow imps
  2 white imps
  7 oozes
  An adder skeleton (D:4)
  4 worms
  2 dart slugs
  8 leopard geckos
  29 orcs
  8 bats
  6 giant cockroaches
  7 goblins
  17 hobgoblins
  3 jackals (D:3)
  20 kobolds
  5 quokkas
  5 ball pythons
  6 frilled lizards
  2 leopard gecko zombies
  11 rats
251 creatures vanquished.

Vanquished Creatures (others)
  20 plants (D:10)
20 creatures vanquished.

Grand Total: 271 creatures vanquished

Notes
Turn   | Place    | Note
-------+----------+-------------------------------------------
     0 | D:1      | lunkers the Demonspawn Earth Elementalist began the quest
                  | for the Orb.
     0 | D:1      | Reached XP level 1. HP: 13/13 MP: 3/3
   260 | D:1      | Reached skill level 3 in Earth Magic
   292 | D:1      | Gained mutation: You are partially covered in sharp spines.
                  | [demonic ancestry]
   292 | D:1      | Reached XP level 2. HP: 5/19 MP: 1/5
   870 | D:1      | Gained mutation: You have a pair of small horns on your
                  | head. [demonic ancestry]
   870 | D:1      | Reached XP level 3. HP: 24/24 MP: 2/6
  1821 | D:2      | Reached skill level 4 in Earth Magic
  1821 | D:2      | Gained mutation: When seriously injured, your bleeding
                  | wounds create armour. (AC +9) [demonic ancestry]
  1821 | D:2      | Reached XP level 4. HP: 30/30 MP: 2/8
  2044 | D:2      | Found a sacrificial altar of Ru.
  2056 | D:2      | Found a glowing silver altar of Zin.
  2081 | D:2      | You fall into a shaft and drop 1 floor!
  2251 | D:3      | Reached XP level 5. HP: 35/35 MP: 6/9
  2381 | D:3      | Noticed a phantom
  2388 | D:3      | Killed a phantom
  2388 | D:3      | Reached skill level 5 in Earth Magic
  2679 | D:3      | Reached XP level 6. HP: 41/41 MP: 7/11
  2833 | D:3      | Found a hazy altar of Hepliaklqana.
  2841 | D:3      | Found a snail-covered altar of Cheibriados.
  3502 | D:4      | Found Hawuimaj's Antique Weapon Shoppe.
  4208 | D:4      | Reached skill level 6 in Earth Magic
  4278 | D:4      | Reached XP level 7. HP: 42/46 MP: 8/13
  4877 | D:5      | Entered Level 5 of the Dungeon
  4939 | D:5      | Reached skill level 7 in Earth Magic
  4955 | D:5      | Found a glowing drain.
  4976 | Sewer    | Entered a sewer
  5313 | Sewer    | Reached skill level 5 in Spellcasting
  5412 | Sewer    | Reached skill level 1 in Shields
  5412 | Sewer    | Reached XP level 8. HP: 47/52 MP: 8/15
  5786 | D:5      | Found a staircase to the Ecumenical Temple.
  5822 | D:5      | Learned a level 2 spell: Passwall
  5826 | D:5      | Learned a level 3 spell: Stone Arrow
  5832 | D:5      | Learned a level 5 spell: Lee's Rapid Deconstruction
  6271 | D:5      | Noticed Edmund
  6282 | D:5      | Reached skill level 8 in Earth Magic
  6311 | D:5      | Killed Edmund
  6502 | D:5      | Found an iron altar of Okawaru.
  6730 | D:6      | Got a twisted ring mail
  8027 | D:7      | Reached XP level 9. HP: 57/57 MP: 11/18
  8038 | D:7      | Identified the +0 ring mail of Kirysy {+Blink rF+++ Int-5
                  | Dex-3} (You found it on level 6 of the Dungeon)
  8155 | D:7      | Reached skill level 9 in Earth Magic
  8613 | D:7      | Found Corhidwisid's Book Shoppe.
  9955 | D:8      | Reached skill level 1 in Fighting
 10535 | D:8      | Found a radiant altar of Vehumet.
 10536 | D:8      | Found a broken altar of Ashenzari.
 10536 | D:8      | Found a basalt altar of Yredelemnul.
 10537 | D:8      | Found a shimmering altar of Xom.
 10543 | D:8      | Became a worshipper of Vehumet
 10557 | D:8      | Noticed Grum
 10568 | D:8      | Killed Grum
 11423 | D:9      | Found Gozag's Platinum Reserve.
 11423 | D:9      | Found an opulent altar of Gozag.
 11444 | D:9      | Reached skill level 10 in Earth Magic
 11472 | D:9      | Killed an unseen horror
 11472 | D:9      | Gained mutation: When seriously injured, your bleeding
                  | wounds create thick armour. (AC +9) [demonic ancestry]
 11472 | D:9      | Reached XP level 10. HP: 9/70 MP: 4/20
 11982 | D:9      | Identified 2 scrolls of acquirement
 11982 | D:9      | Acquired an uncursed staff of earth
 11993 | D:9      | Acquired 607 gold pieces
 12059 | D:9      | Reached * piety under Vehumet
 12059 | D:9      | Offered knowledge of Freeze by Vehumet.
 12238 | D:9      | Found a staircase to the Lair.
 12286 | D:9      | Got a pair of pitted boots
 12297 | D:9      | Identified the +2 pair of boots of Pantheism {rC+ Dex-3
                  | Slay+2} (You found it on level 9 of the Dungeon)
 12656 | D:9      | Found a burning altar of Makhleb.
 12845 | D:10     | Entered Level 10 of the Dungeon
 12998 | D:10     | Noticed Snorg
 13136 | D:10     | Mangled by Snorg

Illustrated notes

Levels and vault maps discovered:
D:1:      dpeg_arrival_morbid_curiosity, layout_rooms, nrook_mini_backslash,
          st_stairs_4
D:2:      minmay_evil_eye, layout_basic, amethyst_overflow_temple_binary
D:3:      layout_basic, minitemple, grunt_decor_resistance
D:4:      layout_loops_corners, serial_shops, shop
D:5:      layout_rooms, okawaru_altar_gauntlet_db, minmay_temple_entry_arrows,
          gup_sewer_entry_pipe, kennysheep_small_square, uniq_edmund
D:6:      layout_gridville, serial_bayou, serial_bayou_pond_b,
          serial_bayou_shore_a, serial_bayou_ford_a, serial_bayou_pond_a,
          serial_bayou_crossing
D:7:      layout_layer_cave, serial_shops, shop
D:8:      layout_basic, chequers_temple_overflow_statue_of_worship, minivault_1,
          zaba_anthole, uniq_grum
D:9:      layout_basic, lightli_temple_of_fire, nicolae_gozag_zags_fifth_avenue,
          lair_entry_dummy
D:10:     layout_long_grid, nicolae_looking_at_the_future, uniq_snorg

Skill      XL: |  1  2  3  4  5  6  7  8  9 10 |
---------------+-------------------------------+-----
Earth Magic    | 3 4 5 6 7 8 10 | 10.6
Spellcasting   | 3 4 5 6 7 |  7.4
Shields        | 1 3 4 |  4.0
Fighting       | 3 4 |  4.3
Dodging        | |  1.7
Stealth        | |  1.7
Transmutations | |  0.8

Action                   |  1- 3 |  4- 6 |  7- 9 | 10-12 || total
-------------------------+-------+-------+-------+-------++-------
Melee: Unarmed           |     3 |     1 |       |       ||     4
       Headbutt          |       |     1 |    13 |     5 ||    19
       Dagger            |       |       |    66 |     4 ||    70
       Staff             |       |       |       |    29 ||    29
Throw: Stone             |     4 |       |       |       ||     4
 Cast: Sandblast         |    64 |   104 |   125 |     2 ||   295
       Stone Arrow       |       |       |   101 |    26 ||   127
Evoke: Wand              |       |       |     7 |       ||     7
  Use: Scroll            |       |       |     1 |    15 ||    16
Armor: Robe              |     6 |    12 |    36 |    11 ||    65
Dodge: Dodged            |    39 |    20 |    78 |    30 ||   167
Block: Buckler           |       |       |    33 |    14 ||    47

Table legend: (Time is in decaauts)
 A = Elapsed time spent in this place.
 B = Non-inter-level travel time spent in this place.
 C = Inter-level travel time spent in this place.
 D = Time resting spent in this place.
 E = Time spent auto-exploring this place.
 F = Levels seen in this place.
 G = Mean time per level.
                   A        B        C        D        E       F      G
               +--------+--------+--------+--------+--------+-----+--------+
         Total |  13315 |  12936 |    379 |    760 |  10327 |  11 | 1210.5 |
       Dungeon |  12454 |  12075 |    379 |    740 |   9661 |  10 | 1245.4 |
         Sewer |    860 |    860 |      0 |     20 |    665 |   1 |  860.0 |
               +--------+--------+--------+--------+--------+-----+--------+

Top non-repeatable levels by time:
     D:7: 1826 daAuts
     D:9: 1689 daAuts
     D:8: 1580 daAuts
     D:4: 1428 daAuts
     D:3: 1365 daAuts
     D:1: 1345 daAuts
     D:6: 1170 daAuts
     D:5: 1018 daAuts
   Sewer: 860 daAuts
     D:2: 735 daAuts
    D:10: 294 daAuts
